 Dungeon Crawl Stone Soup version 0.23.1 (webtiles) character file.

Game seed: 3609901311531196498

121 pebbles the Insei (level 4, -1/31 HPs)
             Began as a Demonspawn Gladiator on Mar 9, 2019.
             Slain by a worm (11 damage)
             ... on level 3 of the Dungeon.
             The game lasted 00:05:19 (2433 turns).

pebbles the Insei (Demonspawn Gladiator)            Turns: 2433, Time: 00:05:20

Health: -1/31      AC:  3    Str: 14    XL:     4   Next: 76%
Magic:  4/4        EV: 16    Int: 10    God:
Gold:   200        SH:  0    Dex: 13    Spells: 3/3 levels left

rFire    . . .     SeeInvis +     - Unarmed
rCold    . . .     Gourm    .   (no shield)
rNeg     . . .     Faith    .   a - +0 leather armour
rPois    .         Spirit   .   (helmet unavailable)
rElec    .         Reflect  .   (no cloak)
rCorr    .         Harm     .   (no gloves)
MR       .....                  (no boots)
Stlth    ++........             (no amulet)
HPRegen  0.10/turn              o - +3 ring of evasion
MPRegen  0.09/turn              m - ring of stealth

@: no status effects
A: antennae 3, clumsy 1, frail 1, MP-powered wands
a: no special abilities


You were on level 3 of the Dungeon.
You were very hungry.

You visited 1 branch of the dungeon, and saw 3 of its levels.

You collected 200 gold pieces.

Inventory:

Missiles
 c - 2 throwing nets (quivered)
Armour
 a - a +0 leather armour (worn)
Jewellery
 e - an uncursed ring of flight {unknown}
 m - a ring of stealth (right hand)
 o - a +3 ring of evasion (left hand)
Wands
 f - a wand of paralysis (9)
 n - a wand of random effects (15)
Scrolls
 g - a scroll of fear {unknown}
 j - a scroll of teleportation
Potions
 b - a potion of brilliance
 i - a potion of lignification
Comestibles
 d - 8 rations


   Skills:
 + Level 3.3 Fighting
 - Level 1.7 Throwing
 + Level 3.6 Dodging
 + Level 3.6 Unarmed Combat


You had 3 spell levels left.
You didn't know any spells.
Your spell library contained the following spells:

 Spells                   Type           Power        Failure   Level  Hunger
 Magic Dart               Conj           #...         43%         1    ##.....
 Blink                    Tloc           N/A          58%         2    ###....
 Call Imp                 Summ           #.......     58%         2    ###....
 Slow                     Hex            #.......     58%         2    ###....
 Conjure Flame            Conj/Fire      #.......     82%         3    ####...
 Mephitic Cloud           Conj/Pois/Air  #.......     82%         3    ####...


Dungeon Overview and Level Annotations

Branches:
Dungeon (3/15)

Altars:
Ashenzari
Dithmenos
Elyvilon
Gozag
Ru
Trog
Vehumet
Xom
Yredelemnul
Zin


Innate Abilities, Weirdness & Mutations

You have a pair of large antennae on your head. (SInv)
You are clumsy. (Dex -2)
You are frail. (-10% HP)
You expend magic power (3 MP) to strengthen your wands.


Message History

The ball python constricts you.
You hit the ball python.
You kill the ball python!
Unknown command.
Things that are here:
a ball python corpse; an adder corpse Unknown command.
c - 2 throwing nets (gained 1)
Found a stone staircase leading down.
A worm comes into view.
Found a chain mail.
You are feeling very hungry.
You hit the worm but do no damage. You hit the worm.
You hear the quick rusting of a very distant drain.
The worm closely misses you.
You punch the worm!
Unknown command.
You barely miss the worm. The worm bites you!
You die...

########...... $.#
#........# #.# #.#
#......# #.# #.#
#.####.###.#######.####
#.# #.†........†..#...
#.## ############..#.##
#.>#.## ##### #......
##.###.####.............##
#.# ##..@w.######.....##
##.###.####.[..........#
#.#.# ######.....### #...#
#........ #...###
#.....#.. #.....# #
##...##.# #.###.###.#
##..##)# #.# #.....#
#...#... ####.###.>####
#.#.)..#


You could see a worm.

Vanquished Creatures
  An orc wizard (D:3)
  2 adders (D:3)
  A dart slug (D:1)
  4 orcs (D:3)
  A ball python (D:3)
  8 bats
  A giant cockroach (D:2)
  4 hobgoblins
  13 jackals (D:1)
  7 kobolds
  3 quokkas (D:2)
  4 frilled lizards
  6 goblins
  12 rats
67 creatures vanquished.

Notes
Turn   | Place    | Note
-------+----------+-------------------------------------------
     0 | D:1      | pebbles the Demonspawn Gladiator began the quest for the
                  | Orb.
     0 | D:1      | Reached XP level 1. HP: 16/16 MP: 1/1
   109 | D:1      | Gained mutation: You have a pair of small antennae on your
                  | head. [demonic ancestry]
   109 | D:1      | Reached XP level 2. HP: 12/22 MP: 2/2
   659 | D:1      | Gained mutation: You have a pair of antennae on your head.
                  | [demonic ancestry]
   659 | D:1      | Reached XP level 3. HP: 17/28 MP: 3/3
  1374 | D:2      | Found an opulent altar of Gozag.
  1376 | D:2      | Found a white marble altar of Elyvilon.
  1376 | D:2      | Found a glowing silver altar of Zin.
  1376 | D:2      | Found a bloodstained altar of Trog.
  1376 | D:2      | Found a radiant altar of Vehumet.
  1438 | D:2      | Found a shimmering altar of Xom.
  1596 | D:2      | Found a basalt altar of Yredelemnul.
  1596 | D:2      | Found a sacrificial altar of Ru.
  1596 | D:2      | Found a shattered altar of Ashenzari.
  2183 | D:3      | Found a shadowy altar of Dithmenos.
  2290 | D:3      | Reached XP level 4. HP: 23/35 MP: 4/4
  2313 | D:3      | Gained mutation: You are clumsy. (Dex -2) [potion of
                  | mutation]
  2313 | D:3      | Gained mutation: You are frail. (-10% HP) [potion of
                  | mutation]
  2313 | D:3      | Gained mutation: You have a pair of large antennae on your
                  | head. (SInv) [potion of mutation]
  2313 | D:3      | Gained mutation: You expend magic power (3 MP) to
                  | strengthen your wands. [potion of mutation]
  2433 | D:3      | Slain by a worm

Skill      XL: |  1  2  3 |
---------------+----------+-----
Dodging        | 3 |  3.6
Unarmed Combat | 3 |  3.6
Fighting       | 3 |  3.3
Throwing       | |  1.7

Action                   |  1- 3 |  4- 6 || total
-------------------------+-------+-------++-------
Melee: Unarmed           |   221 |    37 ||   258
       Punch             |     1 |       ||     1
Throw: Throwing net      |       |     2 ||     2
  Use: Scroll            |     5 |       ||     5
       Potion            |       |     4 ||     4
 Stab: Sleeping          |     4 |       ||     4
  Eat: Chunk             |     4 |       ||     4
Armor: Leather armour    |    53 |     7 ||    60
Dodge: Dodged            |   190 |    23 ||   213
